 Dungeon Crawl Stone Soup version 0.32-a0-898-g7811c86cf0 (webtiles) character file.

Game seed: 6701381755752236883

5968 RBrandon the Fighter (level 10, -3/93 HPs)
             Began as a Ghoul Fighter on Apr 4, 2024.
             Was a Follower of Cheibriados.
             Slain by a slime creature (6 damage)
             ... on level 12 of the Dungeon.
             The game lasted 00:28:56 (10025 turns).

RBrandon the Fighter (Ghoul Fighter)               Turns: 10025, Time: 00:28:57

Health: -3/93      AC:  8    Str: 26    XL:     10   Next: 84%
Magic:  2/11       EV: 10    Int: 12    God:    Cheibriados [*.....]
Gold:   154        SH:  4    Dex: 11    Spells: 1/9 levels left

rFire   . . .        u - +3 hand axe (freeze)
rCold   + . .        c - +0 buckler
rNeg    + + +        A - +1 leather armour "Beak Jym" {Slay+3}
rPois   ∞            l - +1 helmet
rElec   .            e - +0 cloak
rCorr   .            (no gloves)
SInv    .            (no boots)
Will    .....        (no amulet)
Stlth   +            (no ring)
HPRegen 0.00/turn    (no ring)
MPRegen 0.12/turn

%: no passive effects
@: weak-willed, fugue, inhibited regen, very slow
A: claws 1, cold resistance 1, negative energy resistance 3, inhibited
regeneration, torment resistance 2, devour on kill
a: Renounce Religion, Bend Time


You were on level 12 of the Dungeon.
You worshipped Cheibriados.
Cheibriados was aware of your devotion.
You visited 2 branches of the dungeon, and saw 13 of its levels.
You also visited: Ossuary.

You collected 154 gold pieces.

Inventory:

Hand Weapons
 u - a +3 hand axe of freezing (weapon)
   (You took it off Terence on level 3 of the Dungeon)
Armour
 b - a +0 scale mail
 c - a +0 buckler (worn)
 e - a +0 cloak (worn)
 l - a +1 helmet (worn)
 r - +0 acid dragon scales
 x - +0 steam dragon scales
 z - a +0 pair of boots
 A - the +1 leather armour "Beak Jym" (worn) {Slay+3}
   (You found it on level 8 of the Dungeon)

   Slay+3:    It affects your accuracy & damage with ranged weapons and melee
   (+3).
Wands
 h - a wand of flame (5)
 k - a wand of digging (6)
Scrolls
 a - a scroll of identify
 d - 2 scrolls of enchant weapon
 i - 2 scrolls of enchant armour
 q - a scroll of fog
 s - a scroll of torment {unknown}
 w - a scroll of silence
 y - 2 scrolls of immolation
Potions
 g - 3 potions of might
 n - 2 potions of curing
 o - 2 potions of haste
 p - 2 potions of enlightenment
 t - a potion of ambrosia
 v - a potion of resistance


   Skills:
 - Level 10.0 Fighting
 - Level 6.9 Axes
 - Level 5.6 Armour
 - Level 0.7 Dodging
 - Level 3.3 Shields
 - Level 4.0 Hexes
 - Level 6.1 Necromancy
 + Level 5.0 Ice Magic
 - Level 2.1 Invocations


You had one spell level left.
You knew the following spells:

 Your Spells              Type           Power      Damage    Failure   Level
a - Fugue of the Fallen   Necr           14%        N/A       11%         3
b - Jinxbite              Hex            18%        N/A       13%         2
c - Ozocubu's Armour      Ice            12%        N/A       17%         3

Your spell library contained the following spells:

 Spells                   Type           Power      Damage    Failure   Level
 Apportation              Tloc           0%         N/A       41%         1
 Passwall                 Erth           0%         N/A       78%         3
 Volatile Blastmotes      Fire/Tloc      0%         2d10      78%         3
 Vhi's Electric Charge    Tloc/Air       0%         N/A       99%         4
 Alistair's Intoxication  Alch           0%         N/A       100%        5
 Bombard                  Conj/Erth      0%         9d1       100%        6
 Manifold Assault         Tloc           0%         N/A       100%        7


Dungeon Overview and Level Annotations

Branches:
Dungeon (12/15)            Temple (1/1) D:7         Ossuary (visited)
   Lair: D:8-11         Orc: D:9-12

Altars:
Ashenzari
Cheibriados
Dithmenos
Fedhas
Gozag
Hepliaklqana
Kikubaaqudgha
Makhleb
Nemelex Xobeh
Okawaru
Qazlal
Ru
Sif Muna
Trog
Uskayaw
Vehumet
Wu Jian
Xom
Yredelemnul

Shops:
D:5 *

Annotations:
D:2 1 runed translucent door, Crazy Yiuf
D:4 Pikel
D:8 Maurice
D:10 Sonja


Innate Abilities, Weirdness & Mutations

You are immune to poison.
You have sharp fingernails.
Your flesh is cold resistant. (rC+)
You are immune to negative energy. (rN+++)
You do not regenerate when monsters are visible.
You are immune to unholy pain and torment.
You thrive by killing the living.


Message History

Hark!
There is a gateway to a gauntlet on this level.
Find the entrance quickly before the gate is sealed!
The yak bellows! x5
Found 2 gold pieces and a wand of polymorph (7).
Found a stone staircase leading down.
There is a stone staircase leading up here.
Okay, then.
Unknown command.
Okay, then.
Okay, then.
Okay, then.
Okay, then.
Okay, then.
Okay, then.
Blink to where?
Press: ? - help, Dir - move target A wraith comes into view.
Found a stone staircase leading up.
As you read the scroll of blinking, it crumbles to dust.
Your magical contamination has completely faded away.
You climb downwards.
The slime creature quivers.
Found 10 gold pieces and a potion of curing.
There is a stone staircase leading up here.
As you open the door, it creaks loudly!
The jinxing sprites lose interest in you.
You hear a shout!
The slime creature jiggles.
The slime creature attacks as it pursues you!
The slime creature hits you.
* * * LOW HITPOINT WARNING * * *
There is an open door here.
Okay, then.
Okay, then.
Okay, then.
Okay, then.
Okay, then.
The slime creature attacks as it pursues you!
The slime creature hits you.
You die...
Cheibriados appreciates the motionlessness of death.

##########
.........###
..$J...J.J.#
.........#@#
.........#.#
.........#..
..!......####
##########


You could see 3 slime creatures.

Vanquished Creatures
  A two-headed ogre (D:9)
  A kobold demonologist (D:5)
  Prince Ribbit (D:6)
  Sigmund (D:6)
  6 yaks (D:9)
  Eustachio (D:4)
  2 steam dragons
  Edmund (D:6)
  Menkaure (Ossuary)
  An acid dragon (D:8)
  Duvessa (D:4)
  2 orc warriors
  4 black bears
  3 ogres (D:5)
  3 centaurs
  2 lemures (D:4)
  A kobold brigand (D:9)
  Blork the orc (D:4)
  A bullfrog (D:8)
  5 scorpions
  3 wights (D:6)
  Dowan (D:4)
  8 killer bees (D:9)
  3 bombardier beetles
  A howler monkey (D:5)
  A jelly (D:5)
  2 orc priests
  3 hounds
  A gnoll bouda (D:6)
  2 sleepcaps
  Terence (D:3)
  4 iguanas
  5 orc wizards
  3 mummies (Ossuary)
  Robin (D:2)
  5 adders
  8 gnolls
  A shadow imp (D:4)
  2 white imps
  2 ufetubi (D:7)
  2 dart slugs
  5 ribbon worms
  30 orcs
  5 endoplasms
  4 giant cockroaches
  6 gnoll zombies (Ossuary)
  12 goblins
  13 hobgoblins
  6 jackals
  11 kobolds
  4 quokkas
  6 ball pythons
  6 bats
  4 frilled lizards
  A gnoll skeleton (Ossuary)
  4 goblin skeletons (Ossuary)
  4 goblin zombies (Ossuary)
  5 hobgoblin skeletons (Ossuary)
  2 hobgoblin zombies (Ossuary)
  6 kobold skeletons (Ossuary)
  5 kobold zombies (Ossuary)
  7 orc skeletons (Ossuary)
  4 orc zombies (Ossuary)
  3 rats
  2 rat skeletons (Ossuary)
  4 rat zombies (Ossuary)
257 creatures vanquished.

Notes
Turn   | Place    | Note
-------+----------+-------------------------------------------
     0 | D:1      | RBrandon the Ghoul Fighter began the quest for the Orb.
     0 | D:1      | Reached XP level 1. HP: 19/19 MP: 1/1
   193 | D:1      | You fall into a shaft and drop 1 floor!
   207 | D:2      | Reached XP level 2. HP: 22/26 MP: 2/2
   600 | D:2      | Found a faded altar of an unknown god.
   616 | D:2      | Reached XP level 3. HP: 23/31 MP: 3/3
   868 | D:2      | Noticed Robin
   920 | D:2      | Killed Robin
   921 | D:2      | Reached XP level 4. HP: 32/40 MP: 4/4
  1288 | D:2      | Found a runed translucent door.
  1289 | D:2      | Noticed Crazy Yiuf
  1520 | D:3      | Reached skill level 4 in Fighting
  1528 | D:3      | Learned a level 3 spell: Fugue of the Fallen
  1705 | D:3      | Reached XP level 5. HP: 45/46 MP: 5/5
  1709 | D:3      | Reached skill level 1 in Necromancy
  2003 | D:3      | Noticed Terence
  2017 | D:3      | Killed Terence
  2210 | D:4      | Reached XP level 6. HP: 30/52 MP: 6/6
  2418 | D:4      | Noticed Duvessa
  2432 | D:4      | Noticed Dowan
  2447 | D:4      | Killed Duvessa
  2448 | D:4      | Reached skill level 5 in Necromancy
  2448 | D:4      | Reached XP level 7. HP: 49/59 MP: 7/7
  2458 | D:4      | Killed Dowan
  2728 | D:4      | Noticed Eustachio
  3046 | D:4      | Noticed Blork the orc
  3078 | D:4      | Killed Blork the orc
  3276 | D:4      | Noticed Pikel
  3511 | D:4      | Found an ancient bone altar of Kikubaaqudgha.
  4119 | D:4      | Killed Eustachio
  4160 | D:5      | Entered Level 5 of the Dungeon
  4164 | D:5      | Found Ea-nāṣir's Fine Metal Goods.
  4329 | D:5      | Reached XP level 8. HP: 65/66 MP: 5/8
  4378 | D:5      | Noticed a kobold demonologist
  4395 | D:5      | Noticed a ynoxinul
  4399 | D:5      | Killed a kobold demonologist
  4400 | D:5      | Reached skill level 5 in Axes
  4453 | D:5      | Reached skill level 5 in Fighting
  4623 | D:5      | Reached XP level 9. HP: 75/75 MP: 9/9
  4631 | D:5      | Reached skill level 6 in Fighting
  4635 | D:5      | Reached skill level 5 in Armour
  5076 | D:6      | Noticed Edmund
  5086 | D:6      | Killed Edmund
  5470 | D:6      | Reached skill level 7 in Fighting
  5482 | D:6      | Noticed Sigmund
  5495 | D:6      | Killed Sigmund
  5523 | D:6      | Noticed Prince Ribbit
  5531 | D:6      | Killed Prince Ribbit
  5532 | D:6      | Reached skill level 8 in Fighting
  5688 | D:6      | Found a sand-covered staircase.
  5693 | Ossuary  | Entered an ossuary
  6005 | Ossuary  | Noticed Menkaure
  6012 | Ossuary  | Killed Menkaure
  6144 | D:6      | Reached skill level 9 in Fighting
  6479 | D:7      | Reached XP level 10. HP: 91/91 MP: 6/10
  7320 | D:7      | Reached skill level 10 in Fighting
  7377 | D:7      | Identified the +3 short sword "Newtbane" {drain, ^Fragile
                  | rC+ Str+3 Stlth+}
  7664 | D:7      | Found a staircase to the Ecumenical Temple.
  7670 | Temple   | Entered the Ecumenical Temple
  7678 | Temple   | Became a worshipper of Cheibriados the Contemplative
  7935 | D:8      | Reached skill level 1 in Invocations
  8180 | D:8      | Noticed Maurice
  8369 | D:8      | Identified the +1 leather armour "Beak Jym" {Slay+3}
  8438 | D:8      | Maurice stole 265 gold
  8440 | D:8      | Maurice stole a +0 war axe
  8614 | D:8      | Learned a level 2 spell: Jinxbite
  8618 | D:8      | Learned a level 3 spell: Ozocubu's Armour
  8748 | D:9      | Noticed a two-headed ogre
  8754 | D:9      | Killed a two-headed ogre
  9596 | D:9      | Reached * piety under Cheibriados
  9693 | D:9      | Reached skill level 1 in Ice Magic
  9813 | D:10     | Entered Level 10 of the Dungeon
  9992 | D:9      | Reached skill level 5 in Ice Magic
 10008 | D:10     | Noticed Sonja
 10011 | D:10     | Paralysed by Sonja for 5 turns
 10024 | D:12     | HP: 3/93 [slime creature (6)]
 10025 | D:12     | Slain by a slime creature

Illustrated notes

Levels and vault maps discovered:
D:1:      minmay_arrival_nine_rooms, layout_rooms
D:2:      layout_basic, nicolae_ecumenical_pavilion, eino_curves_03,
          minmay_tromino_i4, uniq_robin, uniq_crazy_yiuf_cottage
D:3:      layout_loops_ring, grunt_ministairs_6, chequers_mini_garden,
          uniq_terence
D:4:      layout_basic, nicolae_kikubaaqudgha_miasma_corner,
          mrwooster_statue_mirror, uniq_pikel, uniq_blork_the_orc, uniq_duvessa,
          uniq_eustachio
D:5:      layout_rooms, nicolae_ea-nasir_strikes_again, hangedman_decor_push
D:6:      layout_loops_corners, enter_ossuary_3, uniq_prince_ribbit1,
          uniq_edmund, uniq_sigmund
D:7:      layout_rooms, temple_green
D:8:      layout_rooms, david_lair_shrubbed, uniq_maurice
D:9:      layout_loops_ring, chequers_serial_rivers_small_b
D:10:     layout_cave_pools, enter_trove_3, minmay_misc_feat_columns,
          david_defended_altar_orc, uniq_psyche, uniq_lodul, uniq_sonja
D:11:     regret_index_combs_of_tragedy, layout_cross, serial_park,
          serial_park_tiny_1, serial_park_gazebo [serial_park_minivault_5x5_6],
          gauntlet_entry_generic, uniq_gastronok
D:12:     layout_roguey, minmay_orc_entry_temple_small,
          ashenzari_conservatory_becter
Temple:   grunt_wide_crystal_templ

Skill      XL: |  1  2  3  4  5  6  7  8  9 10 |
---------------+-------------------------------+-----
Axes           | 2 3 4 5 6 |  6.9
Shields        | 3 |  3.3
Armour         | 3 4 5 |  5.6
Fighting       | 4 5 9 10 | 10.0
Necromancy     | 3 5 6 |  6.1
Invocations    | 2 |  2.1
Hexes          | 4 |  4.0
Ice Magic      | 5 |  5.0
Dodging        | |  0.7

Action                     |  1- 3 |  4- 6 |  7- 9 | 10-12 || total
---------------------------+-------+-------+-------+-------++-------
  Melee: War axe           |   124 |   100 |       |       ||   224
         Hand axe          |       |    54 |   399 |   178 ||   631
   Cast: Fugue of the Fall |       |       |    16 |    10 ||    26
         Jinxbite          |       |       |       |     4 ||     4
         Ozocubu's Armour  |       |       |       |     1 ||     1
  Evoke: Wand              |       |       |     7 |    12 ||    19
    Use: Potion            |       |     4 |     7 |     3 ||    14
         Scroll            |       |       |    16 |     5 ||    21
 Armour: Scale mail        |   122 |   142 |   357 |    81 ||   702
         Leather armour    |       |       |       |   149 ||   149
         Acid dragon scale |       |       |       |    32 ||    32
  Dodge: Dodged            |    53 |    78 |   159 |   109 ||   399
  Block: Buckler           |    26 |    35 |    69 |    35 ||   165

Table legend: (Time is in decaauts)
 A = Elapsed time spent in this place.
 B = Non-inter-level travel time spent in this place.
 C = Inter-level travel time spent in this place.
 D = Time resting spent in this place.
 E = Time spent auto-exploring this place.
 F = Levels seen in this place.
 G = Mean time per level.
                   A        B        C        D        E       F      G
               +--------+--------+--------+--------+--------+-----+--------+
         Total |  10488 |  10164 |    324 |   1914 |   5631 |  14 |  749.1 |
       Dungeon |  10082 |   9767 |    315 |   1914 |   5518 |  12 |  840.2 |
        Temple |     18 |      9 |      9 |      0 |      0 |   1 |   18.0 |
       Ossuary |    386 |    386 |      0 |      0 |    113 |   1 |  386.0 |
               +--------+--------+--------+--------+--------+-----+--------+

Top non-repeatable levels by time:
     D:4: 1929 daAuts
     D:6: 1565 daAuts
     D:9: 1546 daAuts
     D:3: 1042 daAuts
     D:7: 917 daAuts
     D:2: 910 daAuts
     D:8: 854 daAuts
     D:5: 810 daAuts
     D:1: 487 daAuts
 Ossuary: 386 daAuts
  Temple: 18 daAuts
    D:10: 12 daAuts
    D:12: 4 daAuts
    D:11: 2 daAuts

Levels and vault maps discovered:
D:1:      minmay_arrival_nine_rooms, layout_rooms
D:2:      layout_basic, nicolae_ecumenical_pavilion, eino_curves_03,
          minmay_tromino_i4, uniq_robin, uniq_crazy_yiuf_cottage
D:3:      layout_loops_ring, grunt_ministairs_6, chequers_mini_garden,
          uniq_terence
D:4:      layout_basic, nicolae_kikubaaqudgha_miasma_corner,
          mrwooster_statue_mirror, uniq_pikel, uniq_blork_the_orc, uniq_duvessa,
          uniq_eustachio
D:5:      layout_rooms, nicolae_ea-nasir_strikes_again, hangedman_decor_push
D:6:      layout_loops_corners, enter_ossuary_3, uniq_prince_ribbit1,
          uniq_edmund, uniq_sigmund
D:7:      layout_rooms, temple_green
D:8:      layout_rooms, david_lair_shrubbed, uniq_maurice
D:9:      layout_loops_ring, chequers_serial_rivers_small_b
D:10:     layout_cave_pools, enter_trove_3, minmay_misc_feat_columns,
          david_defended_altar_orc, uniq_psyche, uniq_lodul, uniq_sonja
D:11:     regret_index_combs_of_tragedy, layout_cross, serial_park,
          serial_park_tiny_1, serial_park_gazebo [serial_park_minivault_5x5_6],
          gauntlet_entry_generic, uniq_gastronok
D:12:     layout_roguey, minmay_orc_entry_temple_small,
          ashenzari_conservatory_becter
Temple:   grunt_wide_crystal_templ

Table legend: (Time is in decaauts)
 A = Elapsed time spent in this place.
 B = Non-inter-level travel time spent in this place.
 C = Inter-level travel time spent in this place.
 D = Time resting spent in this place.
 E = Time spent auto-exploring this place.
 F = Levels seen in this place.
 G = Mean time per level.
                   A        B        C        D        E       F      G
               +--------+--------+--------+--------+--------+-----+--------+
         Total |  10488 |  10164 |    324 |   1914 |   5631 |  14 |  749.1 |
       Dungeon |  10082 |   9767 |    315 |   1914 |   5518 |  12 |  840.2 |
        Temple |     18 |      9 |      9 |      0 |      0 |   1 |   18.0 |
       Ossuary |    386 |    386 |      0 |      0 |    113 |   1 |  386.0 |
               +--------+--------+--------+--------+--------+-----+--------+

Top non-repeatable levels by time:
     D:4: 1929 daAuts
     D:6: 1565 daAuts
     D:9: 1546 daAuts
     D:3: 1042 daAuts
     D:7: 917 daAuts
     D:2: 910 daAuts
     D:8: 854 daAuts
     D:5: 810 daAuts
     D:1: 487 daAuts
 Ossuary: 386 daAuts
  Temple: 18 daAuts
    D:10: 12 daAuts
    D:12: 4 daAuts
    D:11: 2 daAuts

Table legend:
 A = Kills in this place as a percentage of kills in the entire game.
 B = Kills by you in this place as a percentage of kills by you in the entire game.
 C = Kills by friends in this place as a percentage of kills by friends in the entire game.
 D = Other kills in this place as a percentage of other kills in the entire game.
 E = Experience gained in this place as a percentage of experience gained in the entire game.
 F = Experience gained in this place divided by the number of levels of this place that you have seen.
                   A       B       C       D       E      F
               +-------+-------+-------+-------+-------+----------------------
         Total | 100.0 | 100.0 |   N/A |   N/A | 100.0 | 609.1
       Dungeon |  78.8 |  78.8 |   N/A |   N/A |  96.7 | 687.3
       Ossuary |  21.2 |  21.2 |   N/A |   N/A |   3.3 | 279.0
               +-------+-------+-------+-------+-------+----------------------
